 Dungeon Crawl Stone Soup version 0.31-a0-876-gfe8ebadbca (webtiles) character file.

Game seed: 6269304371021826916

89 Dordric the Changeling (level 4, 0/23 HPs)
             Began as a Djinni Shapeshifter on Oct 13, 2023.
             Was an Initiate of Gozag.
             Slain by a ball python (1 damage)
             ... on level 3 of the Dungeon.
             The game lasted 00:02:12 (2039 turns).

Dordric the Changeling (Djinni Shapeshifter)        Turns: 2039, Time: 00:02:14

Health: 0/23       AC:  3    Str: 13    XL:     4   Next: 84%
Gold:   164        EV:  9    Int: 12    God:    Gozag SH:  0 Dex: 14

rFire   + +          +
                       - Unarmed
rCold   x . .        (shield currently unavailable)
rNeg    . . .        g - +0 leather armour {rPois}
rPois   ∞            (no helmet)
rElec   .            (no cloak)
rCorr   .            (no gloves)
SInv    .            (boots unavailable)
Will    .....        (no amulet)
Stlth   +            f - ring of protection from fire
HPRegen 0.23/turn    (no ring)
MPRegen 0.00/turn

%: infuse magic (-1 HP)
@: flux-form, gold aura, flying, glowing, constricted
A: glow, contaminating, flying, reduced hp, sickness immunity, fire resistance
2, cold vulnerability 1, float, innate caster, HP casting, extra vitality 1
a: Begin Untransformation, Renounce Religion, Potion Petition, Call Merchant,
Bribe Branch


You were on level 3 of the Dungeon.
You worshipped Gozag.
Gozag was aware of your devotion.
You were something dangerously unstable.
You visited 1 branch of the dungeon, and saw 3 of its levels.

You collected 164 gold pieces.

Inventory:

Armour
 a - a +0 animal skin
 g - a +0 leather armour of poison resistance (worn)
Jewellery
 f - a ring of protection from fire (left hand)
Talismans
 c - a beast talisman
 d - a flux talisman (active)
Scrolls
 i - 4 scrolls of teleportation
 j - a scroll of silence
Potions
 b - a potion of lignification
 e - a potion of curing {unknown}
 h - a potion of haste
 l - a potion of mutation {unknown}


   Skills:
 - Level 1.0 Fighting
 - Level 2.1 Dodging
 - Level 3.0 Unarmed Combat
 + Level 4.4 Shapeshifting


You knew the following spells:

 Your Spells              Type           Power      Damage    Failure   Level
a - Apportation           Tloc           0%         N/A       38%         1
Your spell library was empty.

Dungeon Overview and Level Annotations

Branches:
Dungeon (3/15)

Altars:
Gozag
Nemelex Xobeh


Innate Abilities, Weirdness & Mutations

You are something dangerously unstable.
You glow with magical radiation, making you easy to see and hit.
Foes you strike become dangerously contaminated with magical radiation.
You are flying.
Your maximum health is decreased, since you lack skill for your form.
You are incapable of wielding weapons or throwing items.
You are immune to sickness and miasma.
You are immune to poison.
Your flesh is very heat resistant. (rF++)
You are vulnerable to cold. (rC-)
You float through the air rather than walking.
You learn spells naturally, not from books.
Your magical power is your life essence.
You have superior vitality. (+4 MHP)


Message History

The adder is lightly wounded.
The adder completely misses you.
You hit the adder.
The adder glows dangerously bright.
The adder is heavily wounded.
The adder closely misses you. The adder bites you.
* * * LOW HITPOINT WARNING * * *
You barely miss the adder.
The adder is heavily wounded.
The adder barely misses you.
You hit the adder.
The adder shudders as magic cascades through it.
The adder twists and deforms.
The adder is severely wounded.
The adder bites you but does no damage.
You barely miss the adder.
The adder is severely wounded.
The adder bites you but does no damage.
You hit the adder.
You kill the adder!
You closely miss the quokka.
The quokka bites you but does no damage.
You hit the quokka.
The quokka begins to glow.
The quokka is lightly wounded.
The quokka bites you.
* * * LOW HITPOINT WARNING * * *
The quokka misses you.
You hit the quokka but do no damage.
The quokka glows dangerously bright.
The quokka is lightly wounded.
The quokka barely misses you.
You hit the quokka.
The quokka shudders as magic cascades through it!
You kill the quokka!
You hit the ball python.
The ball python begins to glow.
The ball python is moderately wounded.
The ball python bites you.
* * * LOW HITPOINT WARNING * * *
The ball python grabs you. The ball python constricts you.
The ball python bites you.
You die...
Your body crumbles into a pile of gold.

# #.##.#.# #. #.#....###
#############
#.#..#........#
#...........#
..............#
#.#########.# #.........##
#.# #.# #..........# #.#
#.# #.$.......## #.# #.#
#...#.(..#####.#########.#
#...###....Sp.............#
...># ##>.####..########..#
....# #.#.# #..# #..# ###.#
.#..#.# #..########..# #.#
#...#.# #............# #.#
#...#.# #.#########.##
#.###...#.# #.# #.#
#####<......#.# #.## #.#
...#..###..#.####
...#####.#


You could see a ball python (contam).

Vanquished Creatures
  5 adders
  2 worms (D:2)
  2 dart slugs (D:1)
  2 bats
  8 endoplasms
  4 goblins
  A hobgoblin (D:2)
  3 quokkas
  2 ball pythons
  A frilled lizard (D:1)
  A kobold (D:1)
  5 rats
36 creatures vanquished.

Notes
Turn   | Place    | Note
-------+----------+-------------------------------------------
     0 | D:1      | Dordric the Djinni Shapeshifter began the quest for the
                  | Orb.
     0 | D:1      | Reached XP level 1. HP: 17/17 MP: 0/0
   334 | D:1      | Reached skill level 3 in Shapeshifting
   468 | D:1      | Reached XP level 2. HP: 22/22 MP: 0/0
   749 | D:1      | Reached XP level 3. HP: 27/27 MP: 0/0
   749 | D:1      | Learned a level 1 spell: Apportation
  1071 | D:2      | Found a faded altar of an unknown god.
  1093 | D:2      | Prayed at the altar of an unknown god.
  1093 | D:2      | Became a worshipper of Gozag Ym Sagoz the Greedy
  1228 | D:2      | Reached skill level 4 in Shapeshifting
  1228 | D:2      | Reached XP level 4. HP: 30/32 MP: 0/0
  1317 | D:2      | Found a sparkling altar of Nemelex Xobeh.
  2039 | D:3      | HP: 1/23 [ball python (2)]
  2039 | D:3      | Slain by a ball python

Illustrated notes

Levels and vault maps discovered:
D:1:      lemuel_arrival_hallway, layout_basic, minmay_misc_feat_tiny,
          minmay_strange_pillars
D:2:      layout_basic, basic_altar, ebering_ecumenical_altar_abandoned,
          minmay_domino_4
D:3:      layout_loops_ring, led_sif_book, moated_statue, kennysheep_path_1,
          nicolae_goblin_pals

Skill      XL: |  1  2  3 |
---------------+----------+-----
Shapeshifting  | 3 4 |  4.4
Fighting       | |  1.0
Dodging        | |  2.1
Unarmed Combat | |  3.0

Action                     |  1- 3 |  4- 6 || total
---------------------------+-------+-------++-------
  Melee: Unarmed           |    81 |    46 ||   127
         Punch             |     6 |     1 ||     7
    Use: Scroll            |       |     6 ||     6
   Stab: Sleeping          |       |     1 ||     1
 Armour: Animal skin       |     3 |       ||     3
         Leather armour    |    27 |    35 ||    62
  Dodge: Dodged            |    49 |    29 ||    78
   Form: Flux              |       |     1 ||     1

Table legend: (Time is in decaauts)
 A = Elapsed time spent in this place.
 B = Non-inter-level travel time spent in this place.
 C = Inter-level travel time spent in this place.
 D = Time resting spent in this place.
 E = Time spent auto-exploring this place.
 F = Levels seen in this place.
 G = Mean time per level.
                   A        B        C        D        E       F      G
               +--------+--------+--------+--------+--------+-----+--------+
         Total |   2030 |   2002 |     28 |     31 |   1614 |   3 |  676.7 |
       Dungeon |   2030 |   2002 |     28 |     31 |   1614 |   3 |  676.7 |
               +--------+--------+--------+--------+--------+-----+--------+

Top non-repeatable levels by time:
     D:1: 1053 daAuts
     D:2: 844 daAuts
     D:3: 131 daAuts
